 Dungeon Crawl Stone Soup version 0.30-a0-591-g3c58d2bc28 (webtiles) character file.

Game seed: 8043806326399389032

33 Adrian566 the Slasher (level 3, 0/27 HPs)
             Began as a Demonspawn Gladiator on Jan 6, 2023.
             Slain by Natasha (8 damage)
             ... on level 2 of the Dungeon.
             The game lasted 00:00:43 (673 turns).

Adrian566 the Slasher (Demonspawn Gladiator)         Turns: 673, Time: 00:00:43

Health: 0/27       AC:  5    Str: 14    XL:     3   Next: 12%
Magic:  3/3        EV: 12    Int:  9    God:
Gold:   47         SH:  0    Dex: 16    Spells: 2/2 levels left

rFire   . . .      SeeInvis .    a - +0 long sword
rCold   . . .      Faith    .    (no shield)
rNeg    . . .      Spirit   .    b - +0 leather armour
rPois   .          Reflect  .    (helmet restricted)
rElec   .          Harm     .    (no cloak)
rCorr   .          Rampage  .    (no gloves)
Will    .....                    (no boots)
Stlth   +                        (no amulet)
HPRegen 0.24/turn                (no ring)
MPRegen 0.08/turn                (no ring)

@: about to teleport, hasted, very quick
A: horns 1, icy blue scales 1, screaming 1
a: no special abilities


You were on level 2 of the Dungeon.
You visited 1 branch of the dungeon, and saw 2 of its levels.

You collected 47 gold pieces.

Inventory:

Hand Weapons
 a - a +0 long sword (weapon)
Missiles
 d - 3 throwing nets (quivered)
 e - a javelin
Armour
 b - a +0 leather armour (worn)
 c - a +0 helmet
Scrolls
 f - 2 scrolls of teleportation
 g - a scroll of fear {unknown}
 i - 3 scrolls of identify {unknown}
 j - a scroll of immolation {unknown}


   Skills:
 + Level 2.1 Fighting
 * Level 3.4 Long Blades
 + Level 1.9 Throwing
 + Level 0.3 Armour
 + Level 3.0 Dodging


You had 2 spell levels left.
You didn't know any spells.
Your spell library contained the following spells:

 Spells                   Type           Power      Damage    Failure   Level
 Summon Small Mammal      Summ           0%         N/A       45%         1
 Call Canine Familiar     Summ           0%         N/A       83%         3
 Summon Guardian Golem    Hex/Summ       0%         N/A       83%         3


Dungeon Overview and Level Annotations

Branches:
Dungeon (2/15)

Altars:

Annotations:
D:2 Natasha


Innate Abilities, Weirdness & Mutations

You have a pair of small horns on your head.
You are partially covered in icy blue scales. (AC +2)
You occasionally shout uncontrollably at your foes.


Message History

You are too injured to fight recklessly!
You are too injured to fight recklessly!
You are too injured to fight recklessly!
You are too injured to fight recklessly!
You are too injured to fight recklessly!
You are too injured to fight recklessly!
You are too injured to fight recklessly!
You are too injured to fight recklessly!
You are too injured to fight recklessly!
You are too injured to fight recklessly!
You are too injured to fight recklessly!
You are too injured to fight recklessly!
You are too injured to fight recklessly!
You are too injured to fight recklessly!
You are too injured to fight recklessly!
You are too injured to fight recklessly!
You are too injured to fight recklessly!
Unknown command.
As you read the scroll labelled VON HAHIFAU, it crumbles to dust.
You feel strangely unstable.
It was a scroll of teleportation.
The shadow imp disappears in a puff of smoke!
The bat barely misses you. The crimson imp closely misses you.
You closely miss the crimson imp. The bat hits you but does no damage.
Natasha claws you.
* * * LOW HITPOINT WARNING * * *
The bat hits you but does no damage. The crimson imp misses you.
Natasha mumbles some strange words.
Unknown command.
It was a potion of haste.
You feel yourself speed up.
The bat hits you but does no damage. x2; The crimson imp blinks!
The crimson imp closely misses you.
Natasha mumbles some strange words.
It was a potion of mutation.
You feel extremely strange.
You feel the urge to shout. The bat barely misses you.
A hobgoblin comes into view.
You closely miss Natasha.
The hobgoblin shouts!
The bat misses you. Natasha claws you!
You die...

## ..... . ... #.
## ... #.###. ...
#.#.# #.#
#.####..#####.###
#....h.5##......#
#.ยง@b(..##.#.##
#g#55.).......# #
#.##..##....##
#...>.##...#.#
#.##..##....##
#.##...(...##
.....###..#.#
#.#### #..##.#
#.######..# #.#


You could see Natasha, 2 crimson imps, a shadow imp (summoned), a hobgoblin and
a bat.

Vanquished Creatures
  An adder (D:2)
  A bat (D:1)
  2 endoplasms (D:1)
  A giant cockroach (D:1)
  5 goblins (D:1)
  A hobgoblin (D:1)
  4 quokkas
  A frilled lizard (D:1)
  3 kobolds (D:1)
  A rat (D:1)
20 creatures vanquished.

Notes
Turn   | Place    | Note
-------+----------+-------------------------------------------
     0 | D:1      | Adrian566 the Demonspawn Gladiator began the quest for the
                  | Orb.
     0 | D:1      | Reached XP level 1. HP: 16/16 MP: 1/1
   166 | D:1      | Gained mutation: You have a pair of small horns on your
                  | head. [demonic ancestry]
   166 | D:1      | Reached XP level 2. HP: 22/22 MP: 2/2
   603 | D:2      | Gained mutation: You are partially covered in icy blue
                  | scales. (AC +2) [demonic ancestry]
   603 | D:2      | Reached XP level 3. HP: 22/27 MP: 3/3
   656 | D:2      | Noticed Natasha
   672 | D:2      | Gained mutation: You occasionally shout uncontrollably at
                  | your foes. [potion of mutation]
   673 | D:2      | Slain by Natasha

Illustrated notes

Levels and vault maps discovered:
D:1:      matt_arrival_grand_opening, layout_rooms, st_stairs_8
D:2:      layout_loops_cross, kennysheep_potato, uniq_natasha

Skill      XL: |  1  2 |
---------------+-------+-----
Long Blades    | 3 |  3.4
Dodging        | 3 |  3.0
Fighting       | |  2.1
Throwing       | |  1.9
Armour         | |  0.3

Action                   || total
-------------------------++-------
Melee: Long sword        ||    72
       Headbutt          ||    11
  Use: Potion            ||     2
       Scroll            ||     1
Armor: Leather armour    ||    30
Dodge: Dodged            ||    86

Table legend: (Time is in decaauts)
 A = Elapsed time spent in this place.
 B = Non-inter-level travel time spent in this place.
 C = Inter-level travel time spent in this place.
 D = Time resting spent in this place.
 E = Time spent auto-exploring this place.
 F = Levels seen in this place.
 G = Mean time per level.
                   A        B        C        D        E       F      G
               +--------+--------+--------+--------+--------+-----+--------+
         Total |    690 |    671 |     19 |      0 |    511 |   2 |  345.0 |
       Dungeon |    690 |    671 |     19 |      0 |    511 |   2 |  345.0 |
               +--------+--------+--------+--------+--------+-----+--------+

Top non-repeatable levels by time:
     D:1: 561 daAuts
     D:2: 129 daAuts
